 Dungeon Crawl Stone Soup version 0.29.0-11-gd7f09526c8 (webtiles) character file.

Game seed: 2001926999001791479

33 SensoryNuts the Trooper (level 3, 0/26 HPs)
             Began as an Octopode Fighter on Sept 4, 2022.
             Slain by an orc
             ... wielding a +0 short sword
              (3 damage)
             ... on level 2 of the Dungeon.
             The game lasted 00:00:42 (930 turns).

SensoryNuts the Trooper (Octopode Fighter)           Turns: 930, Time: 00:00:43

Health: 0/26       AC:  1    Str: 15    XL:     3   Next: 29%
Magic:  3/3        EV: 13    Int: 10    God:
Gold:   120        SH:  4    Dex: 13    Spells: 2/2 levels left

rFire   . . .      SeeInvis .   a - +0 long sword
rCold   . . .      Faith    .   b - +0 buckler
rNeg    . . .      Spirit   .   (helmet restricted)
rPois   .          Reflect  .   (no amulet)
rElec   .          Harm     .   (no ring)
rCorr   .          Rampage  .   (no ring)
Will    .....                   (no ring)
Stlth   +++.......              (no ring)
HPRegen 0.08/turn               (no ring)
MPRegen 0.08/turn               (no ring)
                                (no ring)
                                (no ring)

@: mighty
A: almost no armour, amphibious, 8 rings, camouflage 1, gelatinous body 1,
(nimble swimmer 1), tentacles
a: no special abilities


You were on level 2 of the Dungeon.
You visited 1 branch of the dungeon, and saw 2 of its levels.

You collected 120 gold pieces.

Inventory:

Hand Weapons
 a - a +0 long sword (weapon)
Armour
 b - a +0 buckler (worn)
Scrolls
 e - 3 scrolls of identify {unknown}
Potions
 c - a potion of might
 d - a potion of degeneration {unknown}


   Skills:
 + Level 3.3 Fighting
 * Level 2.4 Long Blades
 + Level 3.3 Dodging
 + Level 0.8 Stealth
 + Level 3.2 Shields


You had 2 spell levels left.
You didn't know any spells.
Your spell library contained the following spells:

 Spells                   Type           Power      Damage    Failure   Level
 Summon Small Mammal      Summ           0%         N/A       45%         1
 Call Canine Familiar     Summ           0%         N/A       83%         3
 Summon Guardian Golem    Hex/Summ       0%         N/A       83%         3


Dungeon Overview and Level Annotations

Branches:
Dungeon (2/15)

Altars:


Innate Abilities, Weirdness & Mutations

You cannot wear most types of armour.
You are amphibious.
You can wear up to eight rings at the same time.
Your skin changes colour to match your surroundings (Stealth+).
Your rubbery body absorbs attacks. (AC +1, EV +1)
((You are camouflaged when in or above water. (Stealth+)))
You have tentacles for arms and can constrict up to eight enemies at once.


Message History

You hit the orc but do no damage. You grab the orc. You constrict the orc.
The orc hits you with a +0 dagger.
You slash the orc!
You kill the orc!
The orc closely misses you. The orc hits you with a +0 short sword.
You hit the orc. Your grab misses the orc.
The orc is severely wounded.
The orc hits you with a +0 short sword.
You are too injured to fight recklessly!
You are too injured to fight recklessly!
You are too injured to fight recklessly!
You are too injured to fight recklessly!
You are too injured to fight recklessly!
You are too injured to fight recklessly!
You are too injured to fight recklessly!
You are too injured to fight recklessly!
You are too injured to fight recklessly!
You are too injured to fight recklessly!
You are too injured to fight recklessly!
You are too injured to fight recklessly!
You are too injured to fight recklessly!
You are too injured to fight recklessly!
An orc is nearby!
Unknown command.
You closely miss the orc. You grab the orc. You squeeze the orc.
You kill the orc!
An orc comes into view. It is wielding a +0 short sword.
Things that are here:
a +0 short sword; an orc corpse An orc is nearby!
An orc is nearby!
The orc shouts!
You open the door. The orc hits you with a +0 short sword.
* * * LOW HITPOINT WARNING * * *
The orc hits you with a +0 short sword.
* * * LOW HITPOINT WARNING * * *
You feel very mighty all of a sudden. The orc hits you with a +0 short sword.
You die...

........#...###.#.#.###
.....................
..#§#...........#..####
..≈§≈.....⌠.###........
.#§#..))...# #.##.####
...§...)...## #.# #
........#...# #.#
.......##...###o##.#
##.....##....'..@...#
.###+## ##...###.####
.### #...# #.# .#.###
#...# #.# .#.#.## #...#
#.# .#....
###.###.####### ##.#.#
#............ #..#.#
#####.####### .....#
#.#


You could see an orc.

Vanquished Creatures
  An adder (D:2)
  A worm (D:2)
  3 orcs (D:2)
  2 bats (D:1)
  4 endoplasms
  A giant cockroach (D:2)
  A goblin (D:1)
  3 kobolds
  A rat (D:1)
17 creatures vanquished.

Notes
Turn   | Place    | Note
-------+----------+-------------------------------------------
     0 | D:1      | SensoryNuts the Octopode Fighter began the quest for the
                  | Orb.
     0 | D:1      | Reached XP level 1. HP: 16/16 MP: 1/1
   415 | D:1      | Reached XP level 2. HP: 21/21 MP: 2/2
   716 | D:2      | Reached XP level 3. HP: 26/26 MP: 3/3
   930 | D:2      | Slain by an orc

Illustrated notes

Levels and vault maps discovered:
D:1:      dpeg_arrival_erosion, layout_rooms
D:2:      layout_basic, hellmonk_ecumenical_altar_defaced_shrine, uniq_sigmund

Action                   || total
-------------------------++-------
Melee: Long sword        ||    29
       Tentacles         ||     6
       Constrict         ||     6
  Use: Potion            ||     1
 Stab: Sleeping          ||     5
Armor: Skin              ||     1
Dodge: Dodged            ||    17
Block: Buckler           ||     5
